 Dungeon Sprint DCSS version 0.31.0-11-ge490571c62 (webtiles) character file.

Game seed: 13290757977614451118

19532 boopmooplesden the Pulveriser (level 12, -10/124 (130) HPs)
             Began as a Minotaur Gladiator on Jan 29, 2024.
             Was the Champion of Trog.
             Killed from afar by an eidolon (25 damage)
             ... with a bolt of negative energy
             ... in the Dungeon (Sprint VII: "The Pits").
             The game lasted 00:08:20 (2458 turns).

boopmooplesden the Pulveriser (Minotaur Gladiator)  Turns: 2458, Time: 00:08:21

HP:   -10/124 (130) AC: 25    Str: 24    XL:     12   Next: 37%
MP:   11/11         EV: 12    Int:  5    God:    Trog [******]
Gold: 37            SH:  0    Dex: 12    Spells: 11/11 levels left

rFire   + . .        y - +6 quarterstaff (flame)
rCold   + . .        (shield currently unavailable)
rNeg    . . .        v - +3 plate armour
rPois   .            c - +1 hat
rElec   .            (no cloak)
rCorr   .            w - +0 pair of gloves
SInv    .            (no boots)
Will    .....        (no amulet) Stlth
                     z - ring of protection from cold
HPRegen 0.40/turn    A - ring of protection from fire
MPRegen 0.12/turn

%: no teleportation
@: on fire, afraid, on berserk cooldown, slowed, glowing, lightly drained, very
slow
A: horns 2, retaliatory headbutt
a: Renounce Religion, Berserk, Trog's Hand, Brothers in Arms


You were in the Dungeon.
You worshipped Trog.
Trog was exalted by your worship.
You visited 1 branch You collected 37 gold pieces.

Inventory:

Hand Weapons
 l - a +2 quarterstaff
 p - a +0 quarterstaff of speed
 u - a +0 lajatang
 x - a +5 lajatang
 y - a +6 quarterstaff of flaming (weapon)
Missiles
 d - 3 throwing nets (quivered)
 e - a javelin
Armour
 b - a +0 leather armour
 c - a +1 hat (worn)
 o - a +3 plate armour
 v - a +3 plate armour (worn)
 w - a +0 pair of gloves (worn)
Jewellery
 r - a +3 ring of evasion
 s - a +3 ring of intelligence
 z - a ring of protection from cold (left hand)
 A - a ring of protection from fire (right hand)
 C - a ring of protection from cold
 E - a ring of protection from cold
 F - a +4 ring of protection
Wands
 q - a wand of flame (10)
 B - a wand of paralysis (13)
Scrolls
 k - 2 scrolls of blinking
 m - 2 scrolls of vulnerability
 n - a scroll of summoning
 H - a scroll of fog
 I - 2 scrolls of fear
 J - 3 scrolls of identify
Potions
 a - 2 potions of invisibility
 f - 7 potions of curing
 g - 3 potions of heal wounds
 h - 2 potions of haste
 i - 4 potions of magic
 j - 9 potions of berserk rage
 t - a potion of mutation
 D - a potion of enlightenment


   Skills:
 + Level 19.5 Fighting
 + Level 21.5 Staves
 + Level 4.6 Throwing
 + Level 20.5 Armour
 + Level 11.7 Dodging
 + Level 4.1 Stealth


You had 11 spell levels left.
You didn't know any spells.
Your spell library was empty.

Dungeon Overview and Level Annotations

Branches:
Dungeon (1/1)

Altars:
Cheibriados
Dithmenos
Elyvilon
Fedhas
Gozag
Hepliaklqana
Makhleb
Nemelex Xobeh
Okawaru
Qazlal
Ru
Sif Muna
Trog
Vehumet
Wu Jian
Xom
Yredelemnul
Zin
The Shining One
Jiyva
Lugonu


Innate Abilities, Weirdness & Mutations

You have a pair of horns on your head.
You reflexively headbutt those who attack you in melee.


Message History

Your headbutt misses the deep elf pyromancer.
The deep elf pyromancer is severely wounded.
The liquid fire burns you!
* * * LOW HITPOINT WARNING * * *
The red ugly thing barely misses you.
You miss the deep elf pyromancer.
The deep elf pyromancer is severely wounded.
The liquid fire burns you!
* * * LOW HITPOINT WARNING * * *
The deep elf pyromancer hits you but does no damage.
You miss the deep elf pyromancer.
Your headbutt misses the deep elf pyromancer.
The deep elf pyromancer is severely wounded.
The liquid fire burns you!
* * * LOW HITPOINT WARNING * * *
The deep elf zephyrmancer gestures wildly while chanting.
The deep elf zephyrmancer blinks!
The deep elf pyromancer hits you with a +0 rapier.
* * * LOW HITPOINT WARNING * * *
You sock the deep elf pyromancer! You burn the deep elf pyromancer.
Your headbutt misses the deep elf pyromancer.
The deep elf pyromancer is almost dead.
The liquid fire burns you!
* * * LOW HITPOINT WARNING * * *
The eidolon hits you.
* * * LOW HITPOINT WARNING * * *
The eidolon drains your vigour!
You feel as though you will be slow longer.
The eidolon completely misses you.
The deep elf pyromancer casts a spell at you.
The bolt of fire hits you! You resist.
* * * LOW HITPOINT WARNING * * *
The bolt of fire hits your cyclops!!
You feel much better. The liquid fire burns you!
* * * LOW HITPOINT WARNING * * *
Your cyclops rages.
The eidolon stares piercingly at you. The bolt of negative energy hits you!!
You feel drained.
You die...

###''####''########
#......##..........
#.#+##.##.......... #.#
|'.##..######## #.')|#
##..# #e#e|+ #..#
##++###########u)u=# #..#
.........##..##W##§#.##..#
..#......##..##C@e...##..#
.........''..##########..#
.........''..##########).#
..#......##..)......)).†.#
.........##..........)...#
##''######################
##''#####
######################
##......#
#.........##(....'...'
##......#
##.).....###...).##.##


You could see an eidolon (scary), a red ugly thing, a deep elf pyromancer (ally
target), a deep elf zephyrmancer and a friendly cyclops (summoned, berserk).

Vanquished Creatures
  A death cob (D)
  A deep elf demonologist (D)
  A hydra (D)
  An ogre mage (D)
  A two-headed ogre (D)
  3 death yaks (D)
  4 hell hogs (D)
  Sonja (D)
  A deep elf knight (D)
  A sea snake (D)
  A flayed ghost (D)
  An orc knight (D)
  A lindwurm (D)
  A cane toad (D)
  2 gargoyles (D)
  A smoke demon (D)
  A molten gargoyle (D)
  An unseen horror (D)
  Psyche (D)
  An efreet (D)
  2 hellwings (D)
  A hornet (D)
  3 polar bears (D)
  A glass eye (D)
  4 dream sheep (D)
  Sigmund (D)
  A wraith (D)
  A warg (D)
  Eustachio (D)
  A neqoxec (D)
  2 acid dragons (D)
  A water moccasin (D)
  Duvessa (D)
  An orc warrior (D)
  2 black bears (D)
  An ice beast (D)
  2 ogres (D)
  4 wolves (D)
  A centaur (D)
  A phantom (D)
  A kobold brigand (D)
  An earth elemental (D)
  3 wights (D)
  Dowan (D)
  A gnoll bouda (D)
  Terence (D)
  4 hell rats (D)
  6 gnolls (D)
  An adder (D)
  An ufetubus (D)
  A dart slug (D)
  An orc (D)
  4 ball pythons (D)
  A bat zombie (D)
  3 endoplasms (D)
  A giant cockroach (D)
  4 jackals (D)
  2 quokkas (D)
95 creatures vanquished.

Vanquished Creatures (collateral kills)
  3 two-headed ogres (D)
  A smoke demon (D)
  A fire elemental (D)
  An earth elemental (D)
  A gnoll (D)
7 creatures vanquished.

Vanquished Creatures (others)
  An adder (D)
1 creature vanquished.

Grand Total: 103 creatures vanquished

Notes
Turn   | Place    | Note
-------+----------+-------------------------------------------
     0 | D        | boopmooplesden the Minotaur Gladiator began the quest for
                  | the Orb.
     0 | D        | Reached XP level 1. HP: 18/18 MP: 0/0
    11 | D        | Reached skill level 4 in Staves
    17 | D        | Found a bloodstained altar of Trog.
    17 | D        | Found a shimmering blue altar of Sif Muna.
    17 | D        | Found a viscous altar of Jiyva.
    17 | D        | Found a hazy altar of Hepliaklqana.
    17 | D        | Found an opulent altar of Gozag.
    18 | D        | Found a glowing golden altar of the Shining One.
    18 | D        | Found a glowing silver altar of Zin.
    18 | D        | Found a basalt altar of Yredelemnul.
    18 | D        | Found a shimmering altar of Xom.
    18 | D        | Found an ornate altar of the Wu Jian Council.
    18 | D        | Found a sacrificial altar of Ru.
    18 | D        | Found a stormy altar of Qazlal.
    18 | D        | Found an iron altar of Okawaru.
    18 | D        | Found a sparkling altar of Nemelex Xobeh.
    18 | D        | Found a burning altar of Makhleb.
    18 | D        | Found a blossoming altar of Fedhas.
    18 | D        | Found a white marble altar of Elyvilon.
    18 | D        | Found a shadowy altar of Dithmenos.
    18 | D        | Found a snail-covered altar of Cheibriados.
    19 | D        | Found a radiant altar of Vehumet.
    19 | D        | Found a corrupted altar of Lugonu.
    21 | D        | Became a worshipper of Trog the Wrathful
    56 | D        | Reached * piety under Trog
    63 | D        | Reached XP level 2. HP: 26/26 MP: 1/1
    67 | D        | Reached ** piety under Trog
    75 | D        | Noticed a glass eye
    83 | D        | Reached skill level 5 in Staves
    89 | D        | Killed a glass eye
    89 | D        | Reached *** piety under Trog
    90 | D        | Reached skill level 5 in Fighting
    90 | D        | Reached skill level 9 in Staves
    90 | D        | Reached skill level 1 in Stealth
    90 | D        | Reached XP level 3. HP: 26/37 MP: 2/2
    90 | D        | Reached XP level 4. HP: 31/44 MP: 3/3
    90 | D        | Reached XP level 5. HP: 35/50 MP: 4/4
   231 | D        | Noticed a phantom
   242 | D        | Reached XP level 6. HP: 57/57 MP: 5/5
   248 | D        | Reached **** piety under Trog
   249 | D        | Reached skill level 10 in Staves
   254 | D        | Reached skill level 11 in Staves
   267 | D        | Reached ***** piety under Trog
   268 | D        | Reached XP level 7. HP: 55/66 MP: 6/6
   302 | D        | Reached skill level 10 in Dodging
   304 | D        | Noticed Sigmund
   304 | D        | Noticed a warg
   313 | D        | Killed a warg
   314 | D        | Reached skill level 12 in Staves
   314 | D        | Reached skill level 5 in Armour
   341 | D        | Killed Sigmund
   341 | D        | Received a gift from Trog
   342 | D        | Reached skill level 13 in Staves
   446 | D        | Noticed Eustachio
   446 | D        | Noticed a hellwing
   458 | D        | Killed a hellwing
   459 | D        | Reached XP level 8. HP: 78/78 MP: 7/7
   469 | D        | Killed Eustachio
   470 | D        | Reached skill level 14 in Staves
   586 | D        | Noticed Sonja
   586 | D        | Noticed a polar bear
   595 | D        | Reached ****** piety under Trog
   595 | D        | Received a gift from Trog
   600 | D        | Killed a polar bear
   605 | D        | HP: 3/79 [gnoll/+0 spear[a gnoll bouda] (6)]
   616 | D        | Killed Sonja
   617 | D        | Reached skill level 10 in Fighting
   617 | D        | Reached skill level 15 in Staves
   617 | D        | Reached XP level 9. HP: 17/86 MP: 8/8
   792 | D        | Noticed a polar bear
   792 | D        | Noticed a smoke demon
   799 | D        | Killed a smoke demon
   799 | D        | Received a gift from Trog
   800 | D        | Reached skill level 10 in Armour
   805 | D        | Killed a polar bear
   806 | D        | Reached skill level 16 in Staves
   953 | D        | Noticed a flayed ghost
   969 | D        | Killed a flayed ghost
  1007 | D        | Noticed a molten gargoyle
  1013 | D        | Received a gift from Trog
  1014 | D        | Killed a molten gargoyle
  1015 | D        | Reached skill level 17 in Staves
  1106 | D        | Noticed an efreet
  1106 | D        | Noticed a sea snake
  1115 | D        | Killed a sea snake
  1116 | D        | Reached XP level 10. HP: 61/100 MP: 9/9
  1478 | D        | Noticed Duvessa
  1478 | D        | Noticed Dowan
  1488 | D        | Received a gift from Trog
  1491 | D        | Killed Duvessa
  1497 | D        | Killed Dowan
  1501 | D        | Reached skill level 15 in Armour
  1546 | D        | Noticed a two-headed ogre
  1546 | D        | Noticed a two-headed ogre
  1546 | D        | Noticed a two-headed ogre
  1546 | D        | Noticed Psyche
  1546 | D        | Noticed a smoke demon
  1554 | D        | Killed a smoke demon
  1555 | D        | Reached skill level 18 in Staves
  1555 | D        | Killed a two-headed ogre
  1556 | D        | Killed Psyche
  1556 | D        | Received a gift from Trog
  1557 | D        | Killed a two-headed ogre
  1558 | D        | Noticed an ogre mage
  1558 | D        | Noticed a two-headed ogre
  1564 | D        | Killed a two-headed ogre
  1565 | D        | Reached skill level 15 in Fighting
  1565 | D        | Reached XP level 11. HP: 88/112 MP: 10/10
  1576 | D        | Killed a two-headed ogre
  1587 | D        | Killed an ogre mage
  1724 | D        | Noticed Terence
  1724 | D        | Noticed a lindwurm
  1729 | D        | Received a gift from Trog
  1743 | D        | Reached skill level 19 in Staves
  1743 | D        | Killed a lindwurm
  1745 | D        | Killed Terence
  1749 | D        | Received a gift from Trog
  1963 | D        | Received a gift from Trog
  1967 | D        | Noticed an orc knight
  1976 | D        | Killed an orc knight
  2042 | D        | Noticed a six-headed hydra
  2042 | D        | Noticed a death yak
  2043 | D        | Noticed a death yak
  2043 | D        | Noticed a death yak
  2061 | D        | Killed a six-headed hydra
  2061 | D        | Received a gift from Trog
  2065 | D        | Killed a death yak
  2066 | D        | Reached skill level 20 in Staves
  2072 | D        | Killed a death yak
  2076 | D        | Killed a death yak
  2114 | D        | Noticed a hell hog
  2114 | D        | Noticed a hell hog
  2114 | D        | Noticed a hell hog
  2116 | D        | Noticed a hell hog
  2123 | D        | Killed a hell hog
  2126 | D        | Killed a hell hog
  2127 | D        | Reached XP level 12. HP: 106/127 MP: 11/11
  2131 | D        | Killed a hell hog
  2133 | D        | Received a gift from Trog
  2138 | D        | Killed a hell hog
  2347 | D        | Reached skill level 21 in Staves
  2423 | D        | Noticed an eidolon
  2423 | D        | Noticed a deep elf demonologist
  2423 | D        | Noticed a death cob
  2424 | D        | Identified the +0 mace of Zin's Regard {heavy, Will+ Str+3
                  | Stlth+}
  2425 | D        | Noticed an Executioner
  2434 | D        | Killed a death cob
  2440 | D        | Killed a deep elf demonologist
  2447 | D        | Received a gift from Trog
  2457 | D        | HP: 4/130 [deep elf pyromancer/bolt of fire (9)]
  2458 | D        | Killed from afar by an eidolon

Illustrated notes

Levels and vault maps discovered:
D:        pitsprint [storerooms_1, entrance_room_1, metal_vault_2, armoury_1,
          mini_pit_1, grid_room_1, main_hall_1, silver_pit, the_coven_3,
          the_vestibule_1, steel_vault_2, golden_pit, hallway_of_sentries,
          crystal_vault_2, iron_vault_1, final_vault]

Skill      XL: |  1  2  3  4  5  6  7  8  9 10 11 12 |
---------------+-------------------------------------+-----
Staves         | 4 9 11 13 15 17 18 20 21 | 21.5
Fighting       | 3 5 6 7 9 10 12 15 18 19 | 19.5
Dodging        | 4 8 9 10 11 | 11.7
Throwing       | 4 |  4.6
Armour         | 2 4 6 9 13 16 19 20 | 20.5
Stealth        | 1 2 3 4 |  4.1

Action                     |  1- 3 |  4- 6 |  7- 9 | 10-12 || total
---------------------------+-------+-------+-------+-------++-------
  Melee: Quarterstaff      |    22 |    19 |    53 |    72 ||   166
         Headbutt          |     3 |     4 |    13 |    29 ||    49
         Lajatang          |       |       |    48 |    92 ||   140
 Invoke: Berserk           |     1 |     1 |     6 |     5 ||    13
         Brothers in Arms  |       |       |     1 |     3 ||     4
         Trog's Hand       |       |       |       |     2 ||     2
    Use: Potion            |       |       |     7 |     3 ||    10
         Scroll            |       |       |       |     4 ||     4
   Stab: Distracted        |       |       |     1 |       ||     1
 Armour: Leather armour    |    15 |       |       |       ||    15
         Plate armour      |       |    12 |   125 |   181 ||   318
  Dodge: Dodged            |    27 |     2 |    94 |    91 ||   214
